 Dungeon Crawl Stone Soup version 0.21.1-1-g345015f (webtiles) character file.

56 theblackcape the Thaumaturge (level 3, 0/26 HPs)
             Began as a Gnoll Wanderer on June 24, 2018.
             Slain by Sigmund
             ... wielding a +0 scythe
              (10 damage)
             ... on level 2 of the Dungeon.
             The game lasted 00:06:22 (2175 turns).

theblackcape the Thaumaturge (Gnoll Wanderer)       Turns: 2175, Time: 00:06:23

Health: 0/26       AC:  3    Str: 12    XL:     3   Next: 97%
Magic:  6/15       EV: 12    Int: 16    God:
Gold:   73         SH:  0    Dex: 15    Spells: 21/24 levels left

rFire    . . .     SeeInvis .   e - +0 dagger
rCold    . . .     Gourm    .   (no shield)
rNeg     . . .     Faith    .   d - +0 robe
rPois    .         Spirit   .   k - +0 helmet
rElec    .         Reflect  .   (no cloak)
rCorr    .         Harm     .   (no gloves)
MR       .....                  (no boots)
Stlth    ++........             (no amulet)
HPRegen  0.08/turn              (no ring)
MPRegen  0.14/turn              (no ring)

@: no status effects
A: distributed training, fangs 1, strong nose
a: no special abilities


You were on level 2 of the Dungeon.
You were not hungry.

You visited 1 branch of the dungeon, and saw 3 of its levels.

You collected 73 gold pieces.

Inventory:

Hand Weapons
 e - a +0 dagger (weapon)
 q - a cursed +0 dagger
Missiles
 m - a throwing net (quivered)
Armour
 d - a +0 robe (worn)
 k - a +0 helmet (worn)
Scrolls
 i - 2 scrolls of remove curse {unknown}
 l - a scroll of identify {unknown}
 o - a scroll of blinking {unknown}
Potions
 c - a potion of lignification
 g - a potion of haste {unknown}
 h - a potion of brilliance {unknown}
 j - a potion of resistance {unknown}
 n - a potion of invisibility {unknown}
Books
 a - a book of Minor Magic

   Spells                             Type                      Level
   a - Magic Dart                     Conjuration                  1
   b - Blink                          Translocation                2
   c - Call Imp                       Summoning                    2
   d - Slow                           Hexes                        2
   e - Conjure Flame                  Conjuration/Fire             3
   f - Mephitic Cloud                 Conjuration/Poison/Air       3
 b - the Grimoire of the Rocks

   Spells                             Type                      Level
   a - Sandblast                      Earth                        1
   b - Stone Arrow                    Conjuration/Earth            3
Comestibles
 f - 2 rations
 p - 2 chunks of flesh


   Skills:
 + Level 1.0 Fighting
 + Level 1.0 Short Blades
 + Level 1.0 Long Blades
 + Level 1.0 Axes
 + Level 1.0 Maces & Flails
 + Level 1.0 Polearms
 + Level 1.0 Staves
 + Level 1.0 Slings
 + Level 1.0 Bows
 + Level 1.0 Crossbows
 + Level 1.0 Throwing
 + Level 1.0 Armour
 + Level 1.0 Dodging
 + Level 2.4 Stealth
 + Level 2.6 Shields
 + Level 1.0 Unarmed Combat
 + Level 11.2 Spellcasting
 + Level 0.7 Conjurations
 + Level 2.1 Hexes
 + Level 0.7 Charms
 + Level 0.7 Summonings
 + Level 0.7 Necromancy
 + Level 2.1 Translocations
 + Level 2.1 Transmutations
 + Level 0.7 Fire Magic
 + Level 0.7 Ice Magic
 + Level 0.7 Air Magic
 + Level 0.7 Earth Magic
 + Level 0.7 Poison Magic
 + Level 1.0 Invocations
 + Level 1.0 Evocations


You had 21 spell levels left.
You knew the following spells:

 Your Spells              Type           Power        Failure   Level  Hunger
a - Magic Dart            Conj           ##..         6%          1    None
b - Call Imp              Summ           ##......     9%          2    None


Dungeon Overview and Level Annotations

Branches:
Dungeon (3/15)

Altars:

Annotations:
D:2 Sigmund


Innate Abilities, Weirdness & Mutations

Your experience applies equally to all skills.
You have very sharp teeth.
Your uncanny sense of smell can sniff out nearby items.


Message History

Your white imp appears confused.
Sigmund closely misses you.
Your crimson imp closely misses Sigmund.
Sigmund completely misses you.
Your crimson imp blinks!
Your white imp disappears in a puff of smoke!
Sigmund hits you from afar with a scythe!
Your crimson imp blinks!
Sigmund points at you and mumbles some strange words.
The magic dart hits you!
Casting: Call Imp
Confirm with . or Enter, or press ? or * to list all spells.
A shadowy apparition takes form in the air.
Sigmund misses you.
Unknown command.
Casting: Call Imp
Confirm with . or Enter, or press ? or * to list all spells.
A beastly little devil appears in a puff of frigid air.
Sigmund hits you from afar with a scythe!
You die...

#.# #.##.# #.. ..##.. ###
##.###.. #.# ..# ... #..#
#.. #..# ∆ #. ######
#..##>##...5#####
#..#......@.....#
.........##5###.#
.........##@# #.# #.
#.#..#.###.# #.# #.
#.#..#.# #.# #.# #.
#.#..#.###........@...
#.###.#......#####........
####.....).....>#
###.###.#
.........#..#....... .#


You could see Sigmund, a friendly white imp and a friendly shadow imp.

Vanquished Creatures
  An adder (D:2)
  A worm (D:2)
  2 dart slugs (D:1)
  5 bats
  2 giant cockroaches (D:1)
  5 goblins
  2 hobgoblins (D:1)
  4 jackals (D:3)
  7 kobolds
  A quokka (D:2)
  A frilled lizard (D:1)
  5 rats
36 creatures vanquished.

Notes
Turn   | Place    | Note
-------+----------+-------------------------------------------
     0 | D:1      | Reached skill level 11 in Spellcasting
     0 | D:1      | theblackcape the Gnoll Wanderer began the quest for the Orb.
     0 | D:1      | theblackcape set off with: a book of Minor Magic, the Grimoire of the Rocks, a potion of lignification, a +0 robe, a +0 dagger, a ration
     0 | D:1      | Reached XP level 1. HP: 13/13 MP: 12/12
     0 | D:1      | Identified the Grimoire of the Rocks
     2 | D:1      | Learned a level 1 spell: Magic Dart
   327 | D:1      | Reached XP level 2. HP: 19/19 MP: 10/14
  1009 | D:1      | Reached XP level 3. HP: 25/25 MP: 8/15
  1202 | D:2      | Noticed Sigmund
  1581 | D:2      | Reached skill level 1 in Invocations
  2044 | D:3      | Reached skill level 1 in Fighting
  2044 | D:3      | Reached skill level 1 in Short Blades
  2044 | D:3      | Reached skill level 1 in Long Blades
  2044 | D:3      | Reached skill level 1 in Axes
  2044 | D:3      | Reached skill level 1 in Maces & Flails
  2044 | D:3      | Reached skill level 1 in Polearms
  2044 | D:3      | Reached skill level 1 in Staves
  2044 | D:3      | Reached skill level 1 in Slings
  2044 | D:3      | Reached skill level 1 in Bows
  2044 | D:3      | Reached skill level 1 in Crossbows
  2044 | D:3      | Reached skill level 1 in Throwing
  2044 | D:3      | Reached skill level 1 in Armour
  2044 | D:3      | Reached skill level 1 in Dodging
  2044 | D:3      | Reached skill level 1 in Unarmed Combat
  2044 | D:3      | Reached skill level 1 in Evocations
  2053 | D:3      | Learned a level 2 spell: Call Imp
  2175 | D:2      | Slain by Sigmund

Skill      XL: |  1  2  3 |
---------------+----------+-----
Spellcasting   | | 11.2
Hexes          | 2 |  2.1
Translocations | 2 |  2.1
Transmutations | 2 |  2.1
Invocations    | 1 |  1.0
Fighting       | 1 |  1.0
Short Blades   | 1 |  1.0
Long Blades    | 1 |  1.0
Axes           | 1 |  1.0
Maces & Flails | 1 |  1.0
Polearms       | 1 |  1.0
Staves         | 1 |  1.0
Slings         | 1 |  1.0
Bows           | 1 |  1.0
Crossbows      | 1 |  1.0
Throwing       | 1 |  1.0
Armour         | 1 |  1.0
Dodging        | 1 |  1.0
Unarmed Combat | 1 |  1.0
Evocations     | 1 |  1.0
Stealth        | |  2.4
Shields        | |  2.6
Conjurations   | |  0.7
Charms         | |  0.7
Summonings     | |  0.7
Necromancy     | |  0.7
Fire Magic     | |  0.7
Ice Magic      | |  0.7
Air Magic      | |  0.7
Earth Magic    | |  0.7
Poison Magic   | |  0.7

Action                   || total
-------------------------++-------
Melee: Dagger            ||    22
       Bite              ||     3
 Cast: Magic Dart        ||   104
       Call Imp          ||     6
  Eat: Chunk             ||     4
Armor: Robe              ||    14
Dodge: Dodged            ||    43
